 Dungeon Sprint DCSS version 0.30-a0-964-gd452b5e7fa (webtiles) character file.

Game seed: 5185100353758264509

22 Parcival the Trooper (level 2, 0/29 HPs)
             Began as a Minotaur Fighter on Mar 30, 2023.
             Slain by a wolf (6 damage)
             ... in the Dungeon (Sprint III: "The Ten Rune Challenge").
             The game lasted 00:00:49 (69 turns).

Parcival the Trooper (Minotaur Fighter)               Turns: 69, Time: 00:00:49

Health: 0/29       AC:  7    Str: 20    XL:     2   Next: 68%
Magic:  1/1        EV:  9    Int:  5    God:
Gold:   0          SH:  4    Dex:  9    Spells: 1/1 levels left

rFire   . . .      SeeInvis .    a - +0 war axe
rCold   . . .      Faith    .    c - +0 buckler
rNeg    . . .      Spirit   .    b - +0 scale mail
rPois   .          Reflect  .    (helmet restricted)
rElec   .          Rampage  .    (no cloak)
rCorr   .          NoTele   +    (no gloves)
Will    .....                    (no boots) Stlth
                                 (no amulet)
HPRegen 0.24/turn                (no ring)
MPRegen 0.07/turn                (no ring)

@: no status effects
A: horns 2, retaliatory headbutt
a: no special abilities


You were in the Dungeon.
You visited 1 branch

Inventory:

Hand Weapons
 a - a +0 war axe (weapon)
Armour
 b - a +0 scale mail (worn)
 c - a +0 buckler (worn)
Scrolls
 j - a scroll of blinking
 k - 2 scrolls of vulnerability {unknown}
Potions
 d - a potion of might
 e - a potion of curing
 f - a potion of heal wounds
 g - a potion of haste
 h - 2 potions of magic
 i - a potion of berserk rage


   Skills:
 + Level 5.0 Fighting
 + Level 3.7 Axes
 + Level 5.0 Armour
 + Level 0.1 Dodging
 + Level 4.9 Shields


You had one spell level left.
You didn't know any spells.
Your spell library was empty.

Dungeon Overview and Level Annotations

Branches:
Dungeon (1/1)

Altars:


Innate Abilities, Weirdness & Mutations

You have a pair of horns on your head.
You reflexively headbutt those who attack you in melee.


Message History

You miss the human.
You headbutt the human, but do no damage.
The human is heavily wounded.
You block the human's attack. The human closely misses you.
You slash the human! You headbutt the human.
The human is almost dead.
The human hits you but does no damage.
You hit the human but do no damage.
You headbutt the human, but do no damage.
The human is almost dead.
The human hits you but does no damage. x2
You hit the human. Your headbutt misses the human.
The human is almost dead.
The human barely misses you.
You barely miss the human. You headbutt the human.
The human is almost dead.
The human barely misses you. You block the human's attack.
You hit the human.
You kill the human!
Your Fighting skill increases to level 5!
Your Axes skill increases to level 3!
Your Armour skill increases to level 5!
You have reached level 2!
A wolf comes into view.
The wolf howls!
You miss the wolf. The wolf bites you. The wolf completely misses you.
You closely miss the wolf. You headbutt the wolf!
The wolf is almost dead.
The wolf bites you but does no damage. The wolf bites you. x2
You closely miss the wolf.
The wolf is almost dead.
The wolf bites you! You block the wolf's attack.
You barely miss the wolf.
The wolf is almost dead.
The wolf completely misses you. The wolf bites you but does no damage.
You miss the wolf. Your headbutt misses the wolf.
The wolf is almost dead.
The wolf bites you!
* * * LOW HITPOINT WARNING * * *
The wolf bites you.
You die...

▓▓▓▓ ▓▓ ▓<.# .#
▓..# .. ♣.#
▓#'####..... ..#
▓.....#....~ ..#
▓.....#...~~♣♣♣♣..#
▓.....#..~~~~.h@♣.+
▓####'#..~≈≈~~~.♣.#
▓(..††#.~~≈~~~....#
▓.....#.~≈~~~.....#
▓.....#.~~~.......#
▓'#####...........#
▓.................#
▓▓▓▓▓▓▓▓▓▓▓▓▓▓▓▓▓▓▓


You could see a wolf.

Vanquished Creatures
  A human (D)
  2 endoplasms (D)
  2 rats (D)
5 creatures vanquished.

Notes
Turn   | Place    | Note
-------+----------+-------------------------------------------
     0 | D        | Parcival the Minotaur Fighter began the quest for the Orb.
     0 | D        | Reached XP level 1. HP: 19/19 MP: 0/0
    59 | D        | Reached skill level 5 in Fighting
    59 | D        | Reached skill level 5 in Armour
    59 | D        | Reached XP level 2. HP: 29/29 MP: 1/1
    69 | D        | Slain by a wolf

Illustrated notes

Levels and vault maps discovered:
D:        dungeon_sprint_mu [sprint_mu_entry_forest, sprint_mu_temple_rooms,
          sprint_mu_d1_spiders, sprint_mu_d2_genie, sprint_mu_d3_branching,
          sprint_mu_orc_legion, sprint_mu_elf_gauntlet, sprint_mu_hive_nellie,
          sprint_mu_lair_fedhas, sprint_mu_vaults_butterflies,
          sprint_mu_slime_circle, sprint_mu_shoals_archi,
          sprint_mu_snake_twists, sprint_mu_blade_basic,
          sprint_mu_crypt_fortress, sprint_mu_tomb_spiral,
          sprint_mu_vestibule_basic, sprint_mu_gehenna_hellfire,
          sprint_mu_dis_giant, sprint_mu_tartarus_statrot,
          sprint_mu_cocytus_islands, sprint_mu_zot1]

Skill      XL: |  1 |
---------------+----+-----
Fighting       | 5 |  5.0
Armour         | 5 |  5.0
Shields        | 4 |  4.9
Axes           | 3 |  3.7
Dodging        | |  0.1

Action                     || total
---------------------------++-------
  Melee: War axe           ||    19
         Headbutt          ||     6
 Armour: Scale mail        ||     7
  Dodge: Dodged            ||     9
  Block: Buckler           ||     6

Table legend: (Time is in decaauts)
 A = Elapsed time spent in this place.
 B = Non-inter-level travel time spent in this place.
 C = Inter-level travel time spent in this place.
 D = Time resting spent in this place.
 E = Time spent auto-exploring this place.
 F = Levels seen in this place.
 G = Mean time per level.
                   A        B        C        D        E       F      G
               +--------+--------+--------+--------+--------+-----+--------+
         Total |     75 |     75 |      0 |      0 |     33 |   1 |   75.0 |
       Dungeon |     75 |     75 |      0 |      0 |     33 |   1 |   75.0 |
               +--------+--------+--------+--------+--------+-----+--------+

Top non-repeatable levels by time:
       D: 75 daAuts
